 Dungeon Sprint DCSS version 0.26-a0-667-g92642533e4 (webtiles) character file.

Game seed: 13040042079328421417

7 mhtbhm the Digger (level 1, 0/10 HPs)
             Began as a Deep Elf Earth Elementalist on Oct 18, 2020.
             Slain by an ufetubus (4 damage)
             ... in the Dungeon (Sprint IX: "|||||||||||||||||||||||||||||").
             The game lasted 00:00:21 (91 turns).

mhtbhm the Digger (Deep Elf Earth Elementalist)       Turns: 91, Time: 00:00:21

Health: 0/10       AC:  2    Str:  5    XL:     1   Next: 83%
Magic:  7/7        EV: 13    Int: 19    God:
Gold:   0          SH:  0    Dex: 15    Spells: 6/7 levels left

rFire    . . .     SeeInvis .   (no weapon)
rCold    . . .     Faith    .   (no shield)
rNeg     . . .     Spirit   .   c - +0 robe
rPois    .         Reflect  .   (no helmet)
rElec    .         Harm     .   (no cloak)
rCorr    .         Rampage  .   (no gloves)
MR       .....     NoTele   +   (no boots)
Stlth    ++........             (no amulet)
HPRegen  0.03/turn              (no ring)
MPRegen  0.10/turn              (no ring)

@: no status effects
A: no striking features
a: no special abilities


You were in the Dungeon.
You visited 1 branch

Inventory:

Missiles
 b - 24 stones (quivered)
Armour
 c - a +0 robe (worn)
Scrolls
 i - a scroll of blinking
Potions
 d - a potion of curing
 e - a potion of heal wounds
 f - a potion of haste
 g - 2 potions of magic
 h - a potion of berserk rage


   Skills:
 + Level 2.9 Dodging
 - Level 2.8 Stealth
 + Level 3.7 Spellcasting
   Level 1.1 Transmutations
 + Level 4.5 Earth Magic


You had 6 spell levels left.
You knew the following spells:

 Your Spells              Type           Power        Failure   Level
a - Sandblast             Erth           ###...       2%          1

Your spell library contained the following spells:

 Spells                   Type           Power        Failure   Level
 Passwall                 Tmut/Erth      ##......     7%          2
 Stone Arrow              Conj/Erth      ##....       17%         3
 Petrify                  Tmut/Erth      ##......     41%         4
 Lee's Rapid Deconstruct  Erth           ###.......   52%         5


Dungeon Overview and Level Annotations

Branches:
Dungeon (1/1)

Altars:


Message History

You open the door.
An iguana, a giant cockroach, a scorpion, an ufetubus and a skeleton come into view.
The ufetubus shouts!
The bat skeleton misses you. x2
The bat skeleton hits you but does no damage.
There is an open door here.
You hit the bat skeleton.
The bat skeleton is heavily damaged.
The bat skeleton misses you.
The bat skeleton hits you but does no damage.
You hit the ufetubus but do no damage. The ufetubus closely misses you.
The ufetubus hits you.
You hit the ufetubus.
The ufetubus is lightly wounded.
The ufetubus barely misses you. x2; The ufetubus completely misses you.
The ufetubus hits you.
You barely miss the ufetubus.
The ufetubus is lightly wounded.
The ufetubus hits you.
You die... ▓▓▓▓▓▓▓▓▓▓▓▓▓▓▓▓▓▓ +lBsZ5@....)'...<▓ ▓▓▓▓▓▓▓▓▓▓▓▓▓▓▓▓▓▓

You could see a scorpion, an iguana, an ufetubus, a giant cockroach and a bat skeleton.

Vanquished Creatures
  A dart slug (D)
  A goblin (D)
  A kobold (D)
  2 rats (D)
5 creatures vanquished.

Notes
Turn   | Place    | Note
-------+----------+-------------------------------------------
     0 | D        | mhtbhm the Deep Elf Earth Elementalist began the quest for
                  | the Orb.
     0 | D        | Reached XP level 1. HP: 10/10 MP: 6/6
     6 | D        | Reached skill level 4 in Earth Magic
    86 | D        | Noticed an iguana
    86 | D        | Noticed a scorpion
    91 | D        | Slain by an ufetubus

Illustrated notes

Levels and vault maps discovered:
D:        linesprint [early_d, line_temple, items_1, d_10, items_2, lair_1,
          lair_end, items_3, orc_1, orc_end, items_4, d_15, swamp_1, shoals_1,
          snake_1, spider_1, d_20, vaults_1, items_5, swamp_end, shoals_end,
          snake_end, spider_end, vaults_end, d_27, items_6, zot_1, zot_end,
          crypt_end, forest_end, elf_end, slime_end, tomb_end, abyss_end,
          pan_hell_end]

Skill      XL: |  1 |
---------------+----+-----
Earth Magic    | 4 |  4.5
Dodging        | |  2.9
Stealth        | |  2.8
Spellcasting   | |  3.7
Transmutations | |  1.1

Action                   || total
-------------------------++-------
Melee: Unarmed           ||     5
 Cast: Sandblast         ||     6
Armor: Robe              ||     2
Dodge: Dodged            ||     8

Table legend: (Time is in decaauts)
 A = Elapsed time spent in this place.
 B = Non-inter-level travel time spent in this place.
 C = Inter-level travel time spent in this place.
 D = Time resting spent in this place.
 E = Time spent auto-exploring this place.
 F = Levels seen in this place.
 G = Mean time per level.
                   A        B        C        D        E       F      G
               +--------+--------+--------+--------+--------+-----+--------+
         Total |     91 |     91 |      0 |     66 |      3 |   1 |   91.0 |
       Dungeon |     91 |     91 |      0 |     66 |      3 |   1 |   91.0 |
               +--------+--------+--------+--------+--------+-----+--------+

Top non-repeatable levels by time:
       D: 91 daAuts
